AoeStats
← Santi Povs

Arena

505104862Analyzed
2v2 RM · 25d ago on Sep 7, 2026· 47m 16s· 4 players
Game mode
Random Map
Map size
Medium (4 player)
Population
200
Speed
Normal
Resources
Standard
Victory
Conquest
Starting age
Dark Age
Ending age
Imperial Age
RankedLock teamsTeams togetherTeam positionsShared explorationLock speedFull tech treeHidden civsTurbo modeCheats
Victory
Defeat
🇩🇪 Sicilians · Germany
1044
+15
🇩🇪 Spanish · Germany
1042
+15
🇨🇴 Celts · Colombia
1053
-16
🇨🇴 Romans · Colombia
1007
-14
Santi Povs
10:22 Feudal Age
14:06 Castle Age
12:32 Double-Bit Axe
12:31 Horse Collar
15:22 Bow Saw
26:56 Imperial Age
24:15 Loom
24:17 Town Watch
25:51 Wheelbarrow
25:20 Scale Mail Armor
25:31 Forging
26:29 Chain Mail Armor
26:17 Gold Mining
26:36 Heavy Plow
26:30 Stone Mining
27:31 Hand Cart
28:12 Iron Casting
28:34 Plate Mail Armor
27:54 Pikeman
27:57 Man-at-Arms
29:31 Capped Ram
30:28 Long Swordsman
30:55 Gambesons
31:17 Halberdier
32:58 Siege Ram
33:13 Two-Handed Swordsman
38:21 Furor Celtica
39:33 Chemistry
39:38 Heavy Scorpion
39:58 Champion
41:24 Gold Shaft Mining
42:03 Onager
NickyCash
10:01 Feudal Age
8:17 Loom
14:11 Castle Age
12:28 Horse Collar
13:21 Stone Mining
13:57 Double-Bit Axe
28:28 Gold Mining
33:32 Imperial Age
33:35 Wheelbarrow
33:02 Heavy Plow
36:08 Town Watch
36:39 Hand Cart
36:53 Conscription
39:01 Bow Saw
41:33 Town Patrol
42:38 Gold Shaft Mining
45:46 Heavy Scorpion
FlyeralsderMars
10:52 Feudal Age
15:02 Castle Age
15:46 Wheelbarrow
15:41 Double-Bit Axe
15:37 Horse Collar
20:38 Hand Cart
21:32 Stone Mining
22:50 Loom
22:51 Town Watch
23:16 Scale Mail Armor
23:29 Forging
23:48 Heavy Plow
24:03 Bow Saw
25:55 Iron Casting
25:47 Chain Mail Armor
25:33 Padded Archer Armor
25:26 Fletching
25:46 Elite Skirmisher
29:06 Bodkin Arrow
29:27 Leather Archer Armor
33:59 Imperial Age
33:04 First Crusade
34:50 Elite Serjeant
35:33 Squires
35:18 Arson
38:24 Blast Furnace
37:55 Plate Mail Armor
37:26 Bracer
43:04 First Crusade
42:53 Capped Ram
vG Crystal
11:04 Feudal Age
14:51 Castle Age
13:23 Double-Bit Axe
13:31 Horse Collar
14:03 Loom
15:07 Wheelbarrow
17:28 Bow Saw
19:21 Heavy Plow
21:24 Gold Mining
28:54 Imperial Age
26:09 Town Watch
27:28 Padded Archer Armor
27:40 Forging
27:35 Scale Barding Armor
29:04 Bloodlines
31:08 Leather Archer Armor
31:24 Husbandry
30:45 Light Cavalry
31:30 Fletching
32:24 Hand Cart
34:53 Iron Casting
34:17 Hussar
36:13 Chemistry
39:47 Blast Furnace
39:07 Chain Barding Armor
39:23 Ring Archer Armor
40:03 Capped Ram
41:10 Elite Conquistador
42:11 Conscription
42:09 Siege Ram
45:15 Town Patrol
48:15 Plate Barding Armor
Connection lost

Rejoining the realm…

Still unreachable

The connection could not be restored.

Session expired

The server has moved on; the page needs a fresh start.